 Dungeon Sprint DCSS version 0.21-a0-52-gbf49515 (webtiles) character file.

8 Kidiri the Ruffian (level 2, 0/31 HPs)
             Began as a Troll Monk on June 13, 2017.
             Was a Believer of Wu Jian.
             Killed from afar by a raiju (4 damage)
             ... with a living lightning
             ... in the Dungeon (Sprint V: "Ziggurat Sprint").
             The game lasted 00:01:46 (87 turns).

Kidiri the Ruffian (Troll Monk)                       Turns: 87, Time: 00:01:47

Health: 0/31       AC:  5    Str: 24    XL:     2   Next: 0%
Magic:  1/2        EV:  4    Int:  6    God:    Wu Jian [**....]
Gold:   0          SH:  0    Dex: 18    Spells: 3/3 levels left

rFire    . . .     SeeInvis .     - Unarmed
rCold    . . .     Gourm    +   I - +18 shield of the Gong {rElec rN+ MR+ EV-5}
rNeg     + . .     Faith    .   a - +0 robe
rPois    .         Spirit   .   (helmet restricted)
rElec    +         Reflect  .   (no cloak)
rCorr    .         Harm     .   (gloves unavailable)
MR       +....     NoTele   +   (boots unavailable)
Stlth    +.........             (no amulet)
Regen    0.5/turn               G - +6 ring of strength
MPRegen  0.1/turn               C - +6 ring of dexterity

@: confused, afraid
A: unfitting armour, claws 3, fast metabolism 3, gourmand, regeneration 1,
shaggy fur 1, tough skin 2
a: Renounce Religion


You were in the Dungeon.
You worshipped Wu Jian.
Wu Jian was pleased with you.
You were not hungry.

You visited 1 branch

Inventory:

Armour
 a - a +0 robe (worn)
 i - +5 gold dragon scales
 I - the +18 shield of the Gong (worn) {rElec rN+ MR+ EV-5}
   (You found it in the Dungeon)

   It affects your evasion (-5).
   It insulates you from electricity.
   It protects you from negative energy.
   It affects your resistance to hostile enchantments.
Jewellery
 C - a +6 ring of dexterity (right claw)
 D - a +6 ring of dexterity
 G - a +6 ring of strength (left claw)
 H - a +6 ring of strength
Wands
 y - a wand of disintegration (7/24)
 z - a wand of iceblast (5/15)
 A - a wand of lightning (5/15)
 B - a wand of acid (5/15)
Scrolls
 h - 4 scrolls of blinking
 p - 4 scrolls of amnesia
 q - 3 scrolls of recharging
 r - 7 scrolls of fog
 s - a scroll of holy word
 t - 5 scrolls of identify
 u - 5 scrolls of remove curse
 v - 2 scrolls of fear
Potions
 c - 10 potions of curing
 d - 10 potions of heal wounds
 e - 6 potions of haste
 f - 7 potions of magic
 g - 3 potions of berserk rage
 j - 2 potions of brilliance
 k - 2 potions of invisibility
 l - 4 potions of resistance
 n - 5 potions of agility
 o - 5 potions of might
Comestibles
 b - 6 bread rations
 w - 42 fruits
 x - 4 meat rations


   Skills:
 * Level 3.5 Fighting
 + Level 1.6 Armour
 * Level 3.4 Dodging
 * Level 2.1 Stealth
 + Level 1.7 Shields
 * Level 4.2 Unarmed Combat
 - Level 1.0 Spellcasting


You had 3 spell levels left.
You didn't know any spells.

Dungeon Overview and Level Annotations

Branches:
Dungeon (1/1)

Altars:
Ashenzari
Cheibriados
Dithmenos
Elyvilon
Fedhas
Gozag
Hepliaklqana
Kikubaaqudgha
Makhleb
Nemelex Xobeh
Okawaru
Qazlal
Ru
Sif Muna
Trog
Uskayaw
Vehumet
Wu Jian
Xom
Yredelemnul
Zin
The Shining One
Beogh
Jiyva
Lugonu

Annotations:
D 1 transporter


Innate Abilities, Weirdness & Mutations

You are too large for most types of armour.
You have claws for hands.
Your metabolism is lightning-fast.
You like to eat raw meat.
Your natural rate of healing is unusually fast.
You are covered in fur. (AC +1)
You have very tough skin. (AC +2)


Message History

* * * LOW HITPOINT WARNING * * *
Unknown command.
You spin and attack the raiju.
You miss the raiju.
The raiju is heavily wounded.
You spin and attack the glowing orange brain.
You claw the glowing orange brain!
The glowing orange brain is almost dead.
You block the raiju's attack.
BONNNG!
You spin and attack the raiju.
You scratch the raiju but do no damage.
The raiju is heavily wounded.
You spin and attack the glowing orange brain.
You attempt to attack the glowing orange brain, but flinch away in fear!
The glowing orange brain pulsates.
You are confused.
The raiju bursts into living lightning!
The living lightning hits you! You resist.
* * * LOW HITPOINT WARNING * * *
The living lightning hits you! You resist.
You die...

▓▓▓▓▓▓▓
▓.8©8.▓
▓.....▓
▓.G@|.▓
▓.h.§.▓
▓.....▓
▓.....▓
▓▓▓▓▓▓▓


You could see a glowing orange brain and a raiju.

Vanquished Creatures (others)
  A spatial maelstrom (D)
1 creature vanquished.

Notes
Turn   | Place    | Note
-------+----------+-------------------------------------------
     0 | D        | Kidiri the Troll Monk began the quest for the Orb.
     0 | D        | Reached XP level 1. HP: 22/22 MP: 0/0
     4 | D        | Banished a spatial maelstrom
     5 | D        | Found a deep blue altar of Sif Muna.
     5 | D        | Found a bloodstained altar of Trog.
     5 | D        | Found a sacrificial altar of Ru.
     5 | D        | Found a stormy altar of Qazlal.
     5 | D        | Found an iron altar of Okawaru.
     6 | D        | Found a sparkling altar of Nemelex Xobeh.
     6 | D        | Found a blossoming altar of Fedhas.
     8 | D        | Found a transporter.
     8 | D        | Found an ancient bone altar of Kikubaaqudgha.
     8 | D        | Found a viscous altar of Jiyva.
     8 | D        | Found a corrupted altar of Lugonu.
     8 | D        | Found a hazy altar of Hepliaklqana.
     8 | D        | Found a burning altar of Makhleb.
     8 | D        | Found an opulent altar of Gozag.
    52 | D        | Became a worshipper of the Wu Jian Council
    52 | D        | Reached * piety under Wu Jian
    52 | D        | Reached ** piety under Wu Jian
    67 | D        | Reached skill level 1 in Armour
    67 | D        | Reached skill level 1 in Shields
    67 | D        | Reached skill level 4 in Unarmed Combat
    67 | D        | Reached skill level 1 in Spellcasting
    67 | D        | Reached XP level 2. HP: 31/31 MP: 0/2
    68 | D        | Entered arena 2.
    68 | D        | Noticed a raiju
    68 | D        | Noticed a glowing orange brain
    68 | D        | Found a transporter.
    87 | D        | Killed from afar by a raiju

Vault maps used:
D:        sprint_v

Skill      XL: |  1 |
---------------+----+-----
Fighting       | 3 |  3.5
Armour         | 1 |  1.6
Dodging        | 3 |  3.4
Stealth        | 2 |  2.1
Shields        | 1 |  1.7
Unarmed Combat | 4 |  4.2
Spellcasting   | 1 |  1.0

Action                   || total
-------------------------++-------
Melee: Unarmed           ||    27
  Use: Potion            ||     1
 Stab: Sleeping          ||     1
Dodge: Dodged            ||     1
Block: Shield            ||     6
